TOP OF THE 1ST |
Oakland (APP) Athletics batting - Pitching for Pulaski Yankees : LHP Sergio Huerta
|
Pitching: LHP Sergio Huerta
|
|
Batting: RHB Matt Sherard
|
0-0: Ball 1-0: Fly out, F8 (Flyball, 8RD, EV 95.6 MPH)
|
Batting: SHB Robert Santiago
|
0-0: Called Strike 0-1: Ball 1-1: Ball 2-1: Ball 3-1: Base on Balls
|
Batting: RHB Scott Wiggs
|
0-0: Ball Robert Santiago steals 2nd, throwing error, E2 Robert Santiago to third 1-0: Called Strike 1-1: SINGLE (Groundball, 4MD, EV 104.4 MPH) Robert Santiago scores
|
Batting: RHB Matt Black
|
0-0: Foul Ball, location: 2F 0-1: Called Strike 0-2: Ball 1-2: Ball 2-2: Fly out, F6 (Line Drive, 6, EV 63.8 MPH)
|
Batting: RHB Moses Brokken
|
0-0: Ball 1-0: Foul Ball, location: 2F 1-1: Ball 2-1: Foul Ball, location: 2F 2-2: Ball 3-2: Fly out, F9 (Flyball, 89XD, EV 101.2 MPH)
|
Top of the 1st over - 1 run, 1 hit, 1 error, 1 left on base; Oakland (APP) 1 - Pulaski 0 |
BOTTOM OF THE 1ST |
Pulaski Yankees batting - Pitching for Oakland (APP) Athletics : RHP Emilio Gonzalez
|
Pitching: RHP Emilio Gonzalez
|
|
Batting: RHB Ben Jennings
|
0-0: SINGLE (Line Drive, 8RS, EV 108.8 MPH)
|
Batting: SHB David Stewart
|
0-0: Called Strike Ben Jennings steals 2nd base 0-1: Fly out, F7 (Flyball, 7LS, EV 83.8 MPH)
|
Batting: RHB Nazeeh Zubair
|
0-0: SINGLE (Line Drive, 6MD, EV 103.8 MPH) Ben Jennings to third
|
Batting: LHB Jeremiah Walker
|
0-0: Called Strike 0-1: Swinging Strike 0-2: Strikes out swinging
|
Batting: RHB Isaias Chavez
|
0-0: Called Strike 0-1: Ball 1-1: Called Strike 1-2: Ball 2-2: Fly out, F8 (Flyball, 8RS, EV 88.8 MPH)
|
Bottom of the 1st over - 0 runs, 2 hits, 0 errors, 2 left on base; Oakland (APP) 1 - Pulaski 0 |
TOP OF THE 2ND |
Oakland (APP) Athletics batting - Pitching for Pulaski Yankees : LHP Sergio Huerta
|
Pitching: RHP Eric Patrick
|
|
Batting: RHB Manny Vizzerra
|
0-0: Ball 1-0: SOLO HOME RUN (Flyball, 7D, EV 98.1 MPH), Distance : 384 ft
|
Batting: LHB Miguel Torres
|
0-0: Ball 1-0: Called Strike 1-1: Ball 2-1: Foul Ball, location: 2F 2-2: Ball 3-2: Base on Balls
|
Batting: RHB Gabe Gutierrez
|
0-0: Ball 1-0: Ball 2-0: Foul Ball, location: 2F 2-1: Foul Ball, location: 2F 2-2: Ball 3-2: Strikes out swinging
|
Batting: RHB Brian Callaghan
|
0-0: Fly out, F9 (Flyball, 89D, EV 92.5 MPH)
|
Batting: RHB Matt Sherard
|
0-0: Ball 1-0: Ball 2-0: Called Strike 2-1: SINGLE (Groundball, 6D, EV 100.0 MPH) Miguel Torres to second
|
Pitching: LHP Dustin Shaw
|
|
Batting: SHB Robert Santiago
|
0-0: Ball 1-0: Called Strike 1-1: Foul Ball, location: 2F 1-2: Foul Ball, location: 2F 1-2: Fly out, F8 (Flyball, 8RD, EV 96.9 MPH)
|
Top of the 2nd over - 1 run, 2 hits, 0 errors, 2 left on base; Oakland (APP) 2 - Pulaski 0 |
BOTTOM OF THE 2ND |
Pulaski Yankees batting - Pitching for Oakland (APP) Athletics : RHP Emilio Gonzalez
|
Batting: RHB Larry Martell
|
0-0: Foul Ball, location: 2F 0-1: Swinging Strike 0-2: Ball 1-2: Strikes out swinging
|
Batting: RHB Matt Bindel
|
0-0: Called Strike 0-1: Ball 1-1: Foul Ball, location: 2F 1-2: Strikes out looking
|
Batting: SHB Houston Phillips
|
0-0: Ball 1-0: Called Strike 1-1: Ball 2-1: Swinging Strike 2-2: Ball 3-2: Foul Ball, location: 2F 3-2: Strikes out swinging
|
Bottom of the 2nd over - 0 runs, 0 hits, 0 errors, 0 left on base; Oakland (APP) 2 - Pulaski 0 |
TOP OF THE 3RD |
Oakland (APP) Athletics batting - Pitching for Pulaski Yankees : LHP Dustin Shaw
|
Batting: RHB Scott Wiggs
|
0-0: Foul Ball, location: 2F 0-1: Ball 1-1: Foul Ball, location: 2F 1-2: Ground out 6-3 (Groundball, 6, EV 79.4 MPH)
|
Batting: RHB Matt Black
|
0-0: Ball 1-0: Ball 2-0: SOLO HOME RUN (Flyball, 7D, EV 96.2 MPH), Distance : 369 ft
|
Pitching: LHP Matt Cusatis
|
|
Batting: RHB Moses Brokken
|
0-0: Ball 1-0: Ball 2-0: Called Strike 2-1: SINGLE (Groundball, 56, EV 99.4 MPH) (infield hit)
|
Batting: RHB Manny Vizzerra
|
0-0: Ball Moses Brokken is caught stealing 2nd base 2-4 1-0: Ball 2-0: Hit by Pitch
|
Batting: LHB Miguel Torres
|
0-0: Ground out U3 (Groundball, 13, EV 87.5 MPH)
|
Top of the 3rd over - 1 run, 2 hits, 0 errors, 1 left on base; Oakland (APP) 3 - Pulaski 0 |
BOTTOM OF THE 3RD |
Pulaski Yankees batting - Pitching for Oakland (APP) Athletics : RHP Emilio Gonzalez
|
Batting: SHB Bret Davies
|
0-0: Ball 1-0: Ball 2-0: Called Strike 2-1: Ground out 4-3 (Groundball, 4, EV 75.6 MPH)
|
Batting: RHB Ben Jennings
|
0-0: Foul Ball, location: 2F 0-1: Ball 1-1: Swinging Strike 1-2: Strikes out looking
|
Batting: SHB David Stewart
|
0-0: Called Strike 0-1: Called Strike 0-2: Ball 1-2: Strikes out swinging
|
Bottom of the 3rd over - 0 runs, 0 hits, 0 errors, 0 left on base; Oakland (APP) 3 - Pulaski 0 |
TOP OF THE 4TH |
Oakland (APP) Athletics batting - Pitching for Pulaski Yankees : LHP Matt Cusatis
|
Batting: RHB Gabe Gutierrez
|
0-0: Ball 1-0: Foul Ball, location: 2F 1-1: Ground out U3 (Groundball, 34, EV 82.5 MPH)
|
Batting: RHB Brian Callaghan
|
0-0: Called Strike 0-1: DOUBLE (Flyball, 89D, EV 93.1 MPH)
|
Batting: RHB Matt Sherard
|
0-0: Ball 1-0: SINGLE (Groundball, 25, EV 70.0 MPH) (infield hit) Brian Callaghan to third
|
Batting: SHB Robert Santiago
|
0-0: Foul Ball, location: 2F 0-1: Ball 1-1: Ball 2-1: Ball 3-1: Called Strike 3-2: Fly out, F7 (Flyball, 7, EV 90.0 MPH) Runner from 3rd tags up, SCORES, throw by LF
|
Pitching: RHP Alex Roman
|
|
Batting: RHB Scott Wiggs
|
0-0: Ball Matt Sherard steals 2nd base (no throw) 1-0: 2-RUN HOME RUN (Flyball, 7LD, EV 95.6 MPH), Distance : 351 ft
|
Batting: RHB Matt Black
|
0-0: Ball 1-0: Swinging Strike 1-1: Ball 2-1: Foul Ball, location: 2F 2-2: Foul Ball, location: 2F 2-2: Foul Ball, location: 2F 2-2: Ball 3-2: Foul Ball, location: 2F 3-2: Base on Balls
|
Batting: RHB Moses Brokken
|
0-0: Ball 1-0: Ball Wild Pitch! Matt Black to second 2-0: Ball 3-0: Called Strike 3-1: Called Strike 3-2: Foul Ball, location: 2F 3-2: Base on Balls
|
Batting: RHB Manny Vizzerra
|
0-0: Ball 1-0: Foul Ball, location: 2F 1-1: 3-RUN HOME RUN (Flyball, 9D, EV 96.9 MPH), Distance : 379 ft
|
Batting: LHB Miguel Torres
|
0-0: Ball 1-0: Ball 2-0: Ball 3-0: Base on Balls
|
Batting: RHB Gabe Gutierrez
|
0-0: Ball 1-0: 2-RUN HOME RUN (Flyball, 78XD, EV 102.5 MPH), Distance : 410 ft
|
Pitching: RHP Frank Medrano
|
|
Batting: RHB Brian Callaghan
|
0-0: Called Strike 0-1: Ball 1-1: Ball 2-1: Called Strike 2-2: Ground out U3 (Groundball, 13, EV 80.0 MPH)
|
Top of the 4th over - 8 runs, 5 hits, 0 errors, 0 left on base; Oakland (APP) 11 - Pulaski 0 |
BOTTOM OF THE 4TH |
Pulaski Yankees batting - Pitching for Oakland (APP) Athletics : RHP Emilio Gonzalez
|
Batting: RHB Nazeeh Zubair
|
0-0: Foul Ball, location: 2F 0-1: Foul Ball, location: 2F 0-2: Foul Ball, location: 2F 0-2: Ball 1-2: Foul Ball, location: 2F 1-2: Ball 2-2: Fly out, F9 (Flyball, 9, EV 89.4 MPH)
|
Batting: LHB Jeremiah Walker
|
0-0: Ball 1-0: Ball 2-0: Called Strike 2-1: Fly out, F9 (Flyball, 9, EV 95.0 MPH)
|
Batting: RHB Isaias Chavez
|
0-0: Swinging Strike 0-1: Swinging Strike 0-2: Ground out 6-3 (Groundball, P, EV 79.4 MPH)
|
Bottom of the 4th over - 0 runs, 0 hits, 0 errors, 0 left on base; Oakland (APP) 11 - Pulaski 0 |
TOP OF THE 5TH |
Oakland (APP) Athletics batting - Pitching for Pulaski Yankees : RHP Frank Medrano
|
Batting: RHB Matt Sherard
|
0-0: Ball 1-0: Called Strike 1-1: Ground out 6-3 (Groundball, 6MS, EV 76.2 MPH)
|
Batting: SHB Robert Santiago
|
0-0: Foul Ball, location: 2F 0-1: Swinging Strike 0-2: Foul Ball, location: 2F 0-2: Ball 1-2: SINGLE (Groundball, 5D, EV 108.1 MPH)
|
Batting: RHB Scott Wiggs
|
0-0: Ball 1-0: Ball 2-0: Ball 3-0: Fly out, F9 (Flyball, 9S, EV 76.2 MPH)
|
Batting: RHB Matt Black
|
0-0: Ball 1-0: Ball 2-0: Ball 3-0: Base on Balls Robert Santiago to second
|
Pitching: LHP Alex Ramirez
|
|
Batting: RHB Moses Brokken
|
0-0: Swinging Strike 0-1: Ball 1-1: Ball 2-1: Ball 3-1: Base on Balls Robert Santiago to third Matt Black to second
|
Batting: RHB Manny Vizzerra
|
0-0: Called Strike 0-1: Ball 1-1: Called Strike 1-2: Strikes out swinging
|
Top of the 5th over - 0 runs, 1 hit, 0 errors, 3 left on base; Oakland (APP) 11 - Pulaski 0 |
BOTTOM OF THE 5TH |
Pulaski Yankees batting - Pitching for Oakland (APP) Athletics : RHP Emilio Gonzalez
|
Batting: RHB Larry Martell
|
0-0: Foul Ball, location: 2F 0-1: Ball 1-1: Ball 2-1: Ball 3-1: Foul Ball, location: 2F 3-2: Ground out 5-3 (Groundball, 56S, EV 85.0 MPH)
|
Batting: RHB Matt Bindel
|
0-0: Ball 1-0: Ball 2-0: Called Strike 2-1: Foul Ball, location: 2F 2-2: Ground out 4-3 (Groundball, 4, EV 108.1 MPH)
|
Batting: SHB Houston Phillips
|
0-0: Ball 1-0: Called Strike 1-1: Foul Ball, location: 2F 1-2: Strikes out swinging
|
Bottom of the 5th over - 0 runs, 0 hits, 0 errors, 0 left on base; Oakland (APP) 11 - Pulaski 0 |
TOP OF THE 6TH |
Oakland (APP) Athletics batting - Pitching for Pulaski Yankees : LHP Alex Ramirez
|
Batting: LHB Miguel Torres
|
0-0: Called Strike 0-1: Ball 1-1: Fly out, F3 (Line Drive, 3, EV 76.2 MPH)
|
Batting: RHB Gabe Gutierrez
|
0-0: Called Strike 0-1: Ground out 5-3 (Groundball, 5, EV 91.9 MPH)
|
Batting: RHB Brian Callaghan
|
0-0: Called Strike 0-1: Ground out 5-3 (Groundball, 5, EV 101.2 MPH)
|
Top of the 6th over - 0 runs, 0 hits, 0 errors, 0 left on base; Oakland (APP) 11 - Pulaski 0 |
BOTTOM OF THE 6TH |
Pulaski Yankees batting - Pitching for Oakland (APP) Athletics : RHP Emilio Gonzalez
|
Batting: SHB Bret Davies
|
0-0: Called Strike 0-1: Swinging Strike 0-2: Strikes out looking
|
Batting: RHB Ben Jennings
|
0-0: Ball 1-0: Ball 2-0: Foul Ball, location: 2F 2-1: Ball 3-1: Foul Ball, location: 2F 3-2: Foul Ball, location: 2F 3-2: Strikes out swinging
|
Batting: SHB David Stewart
|
0-0: Ball 1-0: Ball 2-0: DOUBLE (Groundball, 3L, EV 101.9 MPH)
|
Batting: RHB Nazeeh Zubair
|
0-0: Called Strike 0-1: Ball 1-1: Swinging Strike 1-2: Strikes out swinging
|
Bottom of the 6th over - 0 runs, 1 hit, 0 errors, 1 left on base; Oakland (APP) 11 - Pulaski 0 |
TOP OF THE 7TH |
Oakland (APP) Athletics batting - Pitching for Pulaski Yankees : LHP Alex Ramirez
|
Batting: RHB Matt Sherard
|
0-0: Called Strike 0-1: Ball 1-1: SINGLE (Groundball, 6MD, EV 101.9 MPH)
|
Pitching: LHP Jessie Neal
|
|
Batting: SHB Robert Santiago
|
0-0: Ball 1-0: Reached on error, E5 (Groundball, 56S, EV 60.0 MPH) Matt Sherard to second
|
Batting: RHB Scott Wiggs
|
0-0: Ball 1-0: Foul Ball, location: 2F 1-1: Ball 2-1: Ball 3-1: Base on Balls Matt Sherard to third Robert Santiago to second
|
Batting: RHB Matt Black
|
0-0: Ball 1-0: Ball 2-0: GRAND SLAM HOME RUN (Flyball, 7D, EV 97.5 MPH), Distance : 407 ft
|
Batting: RHB Moses Brokken
|
0-0: Ball 1-0: Ball 2-0: SINGLE (Line Drive, 3D, EV 98.1 MPH)
|
Batting: RHB Manny Vizzerra
|
0-0: Called Strike 0-1: Ball 1-1: Ball 2-1: Ball 3-1: Called Strike 3-2: Base on Balls Moses Brokken to second
|
Batting: LHB Miguel Torres
|
0-0: Foul Ball, location: 2F 0-1: Ball 1-1: Ball 2-1: Ball 3-1: Called Strike 3-2: Foul Ball, location: 2F 3-2: DOUBLE (Line Drive, 7LM, EV 100.6 MPH) Moses Brokken scores Manny Vizzerra to third Manny Vizzerra scores
|
Batting: RHB Gabe Gutierrez
|
Balk! Miguel Torres to third 0-0: Ball 1-0: Called Strike 1-1: Ground out 6-3 (Groundball, 6, EV 109.4 MPH) Miguel Torres scores
|
Batting: RHB Brian Callaghan
|
0-0: Called Strike 0-1: Ground out 4-3 (Groundball, 4M, EV 110.0 MPH)
|
Batting: RHB Matt Sherard
|
0-0: Ball 1-0: SINGLE (Line Drive, 7LS, EV 99.4 MPH)
|
Batting: SHB Robert Santiago
|
0-0: Ball 1-0: Swinging Strike 1-1: DOUBLE (Line Drive, 3D, EV 100.0 MPH) Matt Sherard to third Runner from 3rd tries for Home, throw by RF and OUT! 9-4-2
|
Top of the 7th over - 7 runs, 6 hits, 1 error, 1 left on base; Oakland (APP) 18 - Pulaski 0 |
BOTTOM OF THE 7TH |
Pulaski Yankees batting - Pitching for Oakland (APP) Athletics : RHP Emilio Gonzalez
|
Batting: LHB Jeremiah Walker
|
0-0: Ball 1-0: Ball 2-0: Called Strike 2-1: Ball 3-1: SINGLE (Line Drive, 7S, EV 91.9 MPH)
|
Batting: RHB Isaias Chavez
|
0-0: Ball 1-0: Ball 2-0: Called Strike 2-1: SINGLE (Line Drive, 4D, EV 96.9 MPH) Jeremiah Walker to second
|
Batting: RHB Larry Martell
|
0-0: Ball 1-0: DOUBLE (Flyball, 9LD, EV 103.8 MPH) Jeremiah Walker scores Isaias Chavez to third
|
Batting: RHB Matt Bindel
|
0-0: Ball Wild Pitch! Isaias Chavez scores Larry Martell to third 1-0: Ground out 6-3 (Groundball, 6, EV 106.2 MPH) Larry Martell scores
|
Batting: SHB Houston Phillips
|
0-0: Called Strike 0-1: Called Strike 0-2: Foul Ball, location: 2F 0-2: Ball 1-2: Strikes out looking
|
Batting: SHB Bret Davies
|
0-0: Swinging Strike 0-1: Called Strike 0-2: Foul Ball, location: 2F 0-2: Strikes out swinging
|
Bottom of the 7th over - 3 runs, 3 hits, 0 errors, 0 left on base; Oakland (APP) 18 - Pulaski 3 |
TOP OF THE 8TH |
Oakland (APP) Athletics batting - Pitching for Pulaski Yankees : LHP Jessie Neal
|
Batting: RHB Scott Wiggs
|
0-0: Ball 1-0: Ball 2-0: Called Strike 2-1: Foul Ball, location: 2F 2-2: Foul Ball, location: 2F 2-2: Ball 3-2: Base on Balls
|
Batting: RHB Matt Black
|
0-0: Ball 1-0: Foul Ball, location: 2F 1-1: Foul Ball, location: 2F 1-2: Ball 2-2: Fielders Choice at 2nd, 3-6 (Groundball, 23, EV 86.9 MPH)
|
Batting: RHB Moses Brokken
|
0-0: Ball 1-0: Ball 2-0: Ball Wild Pitch! Matt Black to second 3-0: Called Strike 3-1: Base on Balls
|
Batting: RHB Manny Vizzerra
|
0-0: Ball 1-0: Ball 2-0: Ball 3-0: Base on Balls Matt Black to third Moses Brokken to second
|
Batting: LHB Miguel Torres
|
0-0: Fly out, F7 (Flyball, 78S, EV 87.5 MPH)
|
Batting: RHB Gabe Gutierrez
|
0-0: Ball 1-0: Foul Ball, location: 2F 1-1: Foul Ball, location: 2F 1-2: Strikes out looking
|
Top of the 8th over - 0 runs, 0 hits, 0 errors, 3 left on base; Oakland (APP) 18 - Pulaski 3 |
BOTTOM OF THE 8TH |
Pulaski Yankees batting - Pitching for Oakland (APP) Athletics : RHP Emilio Gonzalez
|
Pitching: RHP Eric Stevenson
|
|
Batting: RHB Ben Jennings
|
0-0: Called Strike 0-1: Foul Ball, location: 2F 0-2: SOLO HOME RUN (Line Drive, 7D, EV 100.0 MPH), Distance : 379 ft
|
Batting: SHB David Stewart
|
0-0: Ball 1-0: Ball 2-0: Swinging Strike 2-1: Ball 3-1: Called Strike 3-2: Foul Ball, location: 2F 3-2: Strikes out looking
|
Batting: RHB Nazeeh Zubair
|
0-0: Called Strike 0-1: Foul Ball, location: 2F 0-2: Strikes out swinging
|
Batting: LHB Jeremiah Walker
|
0-0: Called Strike 0-1: Foul Ball, location: 2F 0-2: Foul Ball, location: 2F 0-2: Ball 1-2: Ball 2-2: Strikes out looking
|
Bottom of the 8th over - 1 run, 1 hit, 0 errors, 0 left on base; Oakland (APP) 18 - Pulaski 4 |
TOP OF THE 9TH |
Oakland (APP) Athletics batting - Pitching for Pulaski Yankees : LHP Jessie Neal
|
Batting: RHB Brian Callaghan
|
0-0: Fly out, F3 (Flyball, 34D, EV 85.0 MPH)
|
Batting: RHB Matt Sherard
|
0-0: Called Strike 0-1: Ball 1-1: Ball 2-1: Ball 3-1: Foul Ball, location: 2F 3-2: Base on Balls
|
Batting: SHB Robert Santiago
|
0-0: Ball 1-0: Ball 2-0: Ball 3-0: Called Strike 3-1: Base on Balls Matt Sherard to second
|
Batting: RHB Scott Wiggs
|
0-0: Ball 1-0: Called Strike 1-1: 3-RUN HOME RUN (Line Drive, 9D, EV 99.4 MPH), Distance : 391 ft
|
Batting: RHB Matt Black
|
0-0: Foul Ball, location: 2F 0-1: Ball 1-1: Ground out 6-3 (Groundball, 6, EV 87.5 MPH)
|
Batting: RHB Moses Brokken
|
0-0: Ball 1-0: Ball 2-0: Foul Ball, location: 2F 2-1: Foul Ball, location: 2F 2-2: Ball 3-2: Foul Ball, location: 2F 3-2: Strikes out looking
|
Top of the 9th over - 3 runs, 1 hit, 0 errors, 0 left on base; Oakland (APP) 21 - Pulaski 4 |
BOTTOM OF THE 9TH |
Pulaski Yankees batting - Pitching for Oakland (APP) Athletics : RHP Eric Stevenson
|
Batting: RHB Isaias Chavez
|
0-0: Ground out 5-3 (Groundball, 56, EV 85.6 MPH)
|
Batting: RHB Larry Martell
|
0-0: Ball 1-0: Foul Ball, location: 2F 1-1: Called Strike 1-2: Foul Ball, location: 2F 1-2: Ball 2-2: Foul Ball, location: 2F 2-2: Strikes out swinging
|
Batting: RHB Matt Bindel
|
0-0: Ball 1-0: SINGLE (Groundball, 56D, EV 104.4 MPH)
|
Batting: SHB Houston Phillips
|
0-0: Called Strike 0-1: Foul Ball, location: 2F 0-2: Ball 1-2: Strikes out swinging
|
Bottom of the 9th over - 0 runs, 1 hit, 0 errors, 1 left on base; Oakland (APP) 21 - Pulaski 4 |
|